 Dungeon Crawl Stone Soup version 0.28-b1-25-g9875b3fc8c (webtiles) character file.

Game seed: 2306855141122909750

136 unlimited1921 the Magician (level 5, 0/37 HPs)
             Began as a Djinni Fire Elementalist on Feb 1, 2022.
             Blown up by Ijyb (20 damage)
             ... with a mindburst bolt
             ... on level 3 of the Dungeon.
             The game lasted 00:09:17 (4388 turns).

unlimited1921 the Magician (DjFE)                   Turns: 4388, Time: 00:09:17

Health: 0/37       AC:  4    Str:  7    XL:     5   Next: 43%
Gold:   63         EV: 12    Int: 18    God:
                   SH:  0    Dex: 14

rFire   + + .      SeeInvis +   p - +4 quarterstaff (chaos)
rCold   x . .      Faith    .   (shield currently unavailable)
rNeg    . . .      Spirit   .   a - +0 robe
rPois   ∞          Reflect  .   (no helmet)
rElec   .          Harm     .   q - +1 cloak {rCorr}
rCorr   +          Rampage  .   (no gloves)
Will    .....                   (boots unavailable)
Stlth   ++........              (no amulet)
HPRegen 0.12/turn               l - ring of see invisible
MPRegen 0.00/turn               (no ring)

@: flying
A: sickness immunity, fire resistance 2, cold vulnerability 1, float, innate
caster, HP casting, extra vitality 1
a: no special abilities


You were on level 3 of the Dungeon.
You visited 1 branch of the dungeon, and saw 3 of its levels.

You collected 63 gold pieces.

Inventory:

Hand Weapons
 e - a +0 hand axe
 m - a +3 flail
 p - a +4 quarterstaff of chaos (weapon)
Missiles
 f - a throwing net (quivered)
Armour
 a - a +0 robe (worn)
 q - a +1 cloak of preservation (worn)
Jewellery
 l - a ring of see invisible (left hand)
Scrolls
 c - a scroll of immolation {unknown}
 d - a scroll of enchant weapon {unknown}
 g - 2 scrolls of fear {unknown}
 i - 2 scrolls of silence {unknown}
 j - 2 scrolls of teleportation {unknown}
 n - 3 scrolls of identify {unknown}
Potions
 b - 2 potions of flight {unknown}
 h - a potion of lignification {unknown}
 k - a potion of might {unknown}
 o - a potion of attraction {unknown}


   Skills:
 * Level 1.3 Fighting
 + Level 2.4 Dodging
 + Level 2.2 Stealth
 * Level 3.9 Spellcasting


You couldn't memorise any spells.
You knew the following spells:

 Your Spells              Type           Power      Damage    Failure   Level
a - Foxfire               Conj/Fire      68%        2x1d7     3%          1
b - Scorch                Fire           34%        2d6       4%          2
c - Conjure Flame         Conj/Fire      17%        6-21      9%          3
d - Inner Flame           Hex/Fire       17%        N/A       9%          3
e - Flame Wave            Conj/Fire      17%        2d6       28%         4
f - Beastly Appendage     Tmut           34%        N/A       3%          1
g - Call Imp              Summ           17%        N/A       4%          2
Your spell library was empty.

Dungeon Overview and Level Annotations

Branches:
Dungeon (3/15)

Altars:

Annotations:
D:3 Ijyb


Innate Abilities, Weirdness & Mutations

You are immune to sickness and miasma.
You are immune to poison.
Your flesh is very heat resistant. (rF++)
You are vulnerable to cold. (rC-)
You float through the air rather than walking.
You learn spells naturally, not from books.
Your magical power is your life essence.
You have superior vitality. (+4 MHP)


Message History

Confirm with . or Enter, or press ? or * to list all spells.
Aiming: Inner Flame (dangerous; 9% risk of failure)
Press: ? - help, Dir - move target, f - frilled lizard, p - Ijyb
Aim: a frilled lizard (chance to affect: 84%)
The frilled lizard is filled with an inner flame.
The rat twitches its whiskers.
A kobold comes into view. It is wielding a +0 dagger.
Ijyb zaps a wand.
Your mind is blasted!
Casting: Inner Flame (dangerous; 9% risk of failure)
Confirm with . or Enter, or press ? or * to list all spells.
You conjure some foxfire!
Casting: Foxfire (safe; 3% risk of failure)
Confirm with . or Enter, or press ? or * to list all spells.
You conjure some foxfire!
The foxfire hits the frilled lizard.
The frilled lizard explodes!
The fiery explosion engulfs your foxfire.
Your foxfire completely resists.
The foxfire hits Ijyb.
Ijyb is moderately wounded.
Casting: Foxfire (safe; 3% risk of failure)
Confirm with . or Enter, or press ? or * to list all spells.
You conjure some foxfire!
The foxfire hits the rat.
The rat is heavily wounded.
The foxfire hits the rat.
You kill the rat!
A goblin comes into view. It is wielding a +4 dagger.
Casting: Foxfire (safe; 3% risk of failure)
Confirm with . or Enter, or press ? or * to list all spells.
You conjure some foxfire!
The foxfire hits the goblin.
You kill the goblin!
The foxfire hits Ijyb but does no damage.
Ijyb is moderately wounded.
Casting: Foxfire (safe; 3% risk of failure)
Confirm with . or Enter, or press ? or * to list all spells.
You conjure some foxfire!
The foxfire hits Ijyb but does no damage.
Ijyb is moderately wounded.
Ijyb zaps a wand.
Your mind is blasted!
Ouch! That really hurt!
You die...

#.. #.. #... #
#...#######.#
##...........
...........##
....§§§v§...#..
....g§§@v......
.#..K§v#§§§....
#.(... ..#.#..
#...#. .## ).
#...#. .# .
.... .. .# ##.
## .. ## ##


You could see Ijyb (ally target) and a kobold (ally target).

Vanquished Creatures
  Crazy Yiuf (D:2)
  2 adders (D:2)
  4 gnolls (D:2)
  2 worms (D:2)
  2 dart slugs
  4 bats
  3 endoplasms
  A giant cockroach (D:2)
  3 goblins
  A hobgoblin (D:1)
  3 kobolds
  A quokka (D:2)
  7 ball pythons
  4 frilled lizards
  7 rats
45 creatures vanquished.

Vanquished Creatures (collateral kills)
  An endoplasm (D:2)
  2 foxfires (D:1)
3 creatures vanquished.

Vanquished Creatures (others)
  190 foxfires
190 creatures vanquished.

Grand Total: 238 creatures vanquished

Notes
Turn   | Place    | Note
-------+----------+-------------------------------------------
     0 | D:1      | unlimited1921 the Djinni Fire Elementalist began the quest
                  | for the Orb.
     0 | D:1      | Reached XP level 1. HP: 15/15 MP: 0/0
   561 | D:1      | Reached XP level 2. HP: 16/21 MP: 0/0
   753 | D:1      | Found a faded altar of an unknown god.
  1912 | D:1      | Reached skill level 3 in Spellcasting
  1912 | D:1      | Reached XP level 3. HP: 23/25 MP: 0/0
  1912 | D:1      | Learned a level 1 spell: Beastly Appendage
  3020 | D:2      | Reached XP level 4. HP: 28/31 MP: 0/0
  3273 | D:2      | Reached skill level 1 in Fighting
  3656 | D:2      | Reached XP level 5. HP: 35/37 MP: 0/0
  3656 | D:2      | Learned a level 2 spell: Call Imp
  3854 | D:2      | Found a runed translucent door.
  3855 | D:2      | Noticed Crazy Yiuf
  3869 | D:2      | Killed Crazy Yiuf
  4380 | D:3      | Noticed Ijyb
  4388 | D:3      | Blown up by Ijyb

Illustrated notes

Levels and vault maps discovered:
D:1:      eino_arrival_tree_alley, layout_rooms,
          hellmonk_ecumenical_altar_slurped_away, minmay_misc_feat_plants
D:2:      layout_rooms, grunt_decor_mini_mirrors, uniq_crazy_yiuf_cottage
D:3:      layout_loops_cross, uniq_ijyb, uniq_terence

Skill      XL: |  1  2  3  4 |
---------------+-------------+-----
Stealth        | 2 |  2.2
Spellcasting   | 3 |  3.9
Fighting       | 1 |  1.3
Dodging        | |  2.4

Action                   |  1- 3 |  4- 6 || total
-------------------------+-------+-------++-------
Melee: Hand axe          |     3 |     1 ||     4
       Quarterstaff      |       |     1 ||     1
Throw: Throwing net      |     1 |       ||     1
 Cast: Foxfire           |    67 |    46 ||   113
       Call Imp          |       |     8 ||     8
       Inner Flame       |       |     5 ||     5
       Scorch            |       |     1 ||     1
Armor: Robe              |     3 |     1 ||     4
Dodge: Dodged            |    11 |     6 ||    17
